 Dungeon Crawl Stone Soup version 0.28-a0-461-g2dc4ca5097 (webtiles) character file.

Game seed: 2506147869735637789

34031 mathmaestro the Grappler (level 13, -4/133 HPs)
             Began as a Troll Monk on Sept 12, 2021.
             Slain by a minotaur (33 damage)
             ... in a Gauntlet on Sept 13, 2021.
             The game lasted 00:30:09 (10826 turns).

mathmaestro the Grappler (Troll Monk)              Turns: 10826, Time: 00:30:10

Health: -4/133     AC: 12    Str: 32    XL:     13   Next: 40%
Magic:  12/12      EV: 12    Int:  6    God:
Gold:   954        SH:  9    Dex: 12    Spells: 12/12 levels left

rFire   . . .      SeeInvis +     - Unarmed
rCold   . . .      Faith    .   t - +0 kite shield
rNeg    . . .      Spirit   .   E - +0 troll leather armour
rPois   +          Reflect  .   f - +0 mask of the Dragon {Will+ Slay+3 SInv}
rElec   .          Harm     .   K - +0 cloak {rPois}
rCorr   .          Rampage  .   (gloves unavailable)
Will    +....      NoTele   +   (boots unavailable)
Stlth   +.........              v - amulet of regeneration
HPRegen 3.32/turn               g - +4 ring of protection
MPRegen 0.13/turn               L - +6 ring of strength

@: no status effects
A: large, unfitting armour, claws 3, regeneration 1, shaggy fur 1, tough skin 1
a: no special abilities


You were in a Gauntlet.
You visited 3 branches of the dungeon, and saw 15 of its levels.
You also visited: Gauntlet.

You collected 954 gold pieces.

Inventory:

Hand Weapons
 w - a +4 scimitar of flaming
Missiles
 b - 75 poisoned darts
 c - 517 stones
 d - 282 arrows
 e - 97 sling bullets
 s - 6 silver javelins (quivered)
 y - 8 curare-tipped darts
 C - 35 bolts
 F - 16 boomerangs
Armour
 f - the +0 mask of the Dragon (worn) {Will+ Slay+3 SInv}
   (You acquired it on level 8 of the Dungeon)

   Slay:      It affects your accuracy & damage with ranged weapons and melee
   (+3).
   SInv:      It lets you see invisible.
   Will:      It increases your willpower.
 t - a +0 kite shield (worn)
 E - a +0 troll leather armour (worn)
 K - a +0 cloak of poison resistance (worn)
Jewellery
 g - a +4 ring of protection (left claw)
 h - a ring of ice
 r - a ring of positive energy
 v - an amulet of regeneration (around neck)
 L - a +6 ring of strength (right claw)
Wands
 a - a wand of iceblast (17)
 i - a wand of flame (20)
 p - a wand of charming (15)
 J - a wand of digging (4)
Scrolls
 j - 2 scrolls of enchant armour
 x - a scroll of fog
 B - a scroll of teleportation
 I - a scroll of silence
Potions
 k - a potion of magic {unknown}
 l - 5 potions of flight
 n - 5 potions of curing
 o - 2 potions of lignification {unknown}
 q - 2 potions of cancellation
 u - 3 potions of might
 z - 2 potions of resistance
 D - a potion of haste {unknown}
 G - a potion of berserk rage {unknown}


   Skills:
 + Level 9.8 Fighting
 + Level 5.0 Throwing
 + Level 4.5 Armour
 + Level 9.9 Dodging
 - Level 1.0 Stealth
 * Level 6.9 Shields
 + Level 11.6 Unarmed Combat
 + Level 4.2 Evocations


You had 12 spell levels left.
You didn't know any spells.
Your spell library contained the following spells:

 Spells                   Type           Power      Damage    Failure   Level
 Magic Dart               Conj           0%         1d3       63%         1
 Blink                    Tloc           N/A        N/A       77%         2
 Call Imp                 Summ           0%         N/A       77%         2
 Corpse Rot               Necr/Air       N/A        N/A       77%         2
 Passwall                 Tmut/Erth      0%         N/A       77%         2
 Poisonous Vapours        Pois/Air       0%         N/A       77%         2
 Sublimation of Blood     Necr           0%         N/A       77%         2
 Lesser Beckoning         Tloc           0%         N/A       94%         3
 Mephitic Cloud           Conj/Pois/Air  0%         N/A       94%         3
 Ozocubu's Armour         Ice            0%         N/A       94%         3
 Swiftness                Air            0%         N/A       94%         3
 Leda's Liquefaction      Hex/Erth       0%         N/A       100%        4
 Petrify                  Tmut/Erth      0%         N/A       100%        4
 Irradiate                Conj/Tmut      0%         3d14      100%        5
 Lee's Rapid Deconstruct  Erth           0%         3d5*      100%        5
 Manifold Assault         Tloc           0%         N/A       100%        5
 Metabolic Englaciation   Hex/Ice        0%         N/A       100%        5
 Invisibility             Hex            0%         N/A       100%        6
 Simulacrum               Ice/Necr       0%         N/A       100%        6
 Statue Form              Tmut/Erth      0%         N/A       100%        6


Dungeon Overview and Level Annotations

Branches:
Dungeon (11/15)            Temple (1/1) D:7            Lair (3/6) D:8
  Snake (0/4) Lair:2          Orc (0/2) D:9         Gauntlet (1/1)
  Swamp: Lair:2-4    Shoals: Lair:2-4

Altars:
Ashenzari
Cheibriados
Dithmenos
Elyvilon
Fedhas
Gozag
Hepliaklqana
Kikubaaqudgha
Makhleb
Nemelex Xobeh
Okawaru
Qazlal
Ru
Sif Muna
Trog
Uskayaw
Vehumet
Wu Jian
Xom
Yredelemnul
Zin
The Shining One
Beogh

Shops:
D:10 *   D:11 [

Portals:
Trove: D:11 (give +6 demon whip)

Annotations:
Gauntlet 6 transporters, exclusion: oklob plant


Innate Abilities, Weirdness & Mutations

You are too large for most types of armour.
You have claws for hands.
Your natural rate of healing is unusually fast.
You are covered in fur. (AC +1)
You have tough skin. (AC +1)


Message History

You scratch the minotaur.
The minotaur is lightly wounded.
The minotaur closely misses you.
The minotaur gores you but does no damage.
You scratch the minotaur but do no damage.
The minotaur is lightly wounded.
You block the minotaur's attack. The minotaur gores you!
You scratch the minotaur but do no damage.
The minotaur is lightly wounded.
The minotaur hits you with a +2 glaive of flaming!
The minotaur burns you. The minotaur gores you!
You barely miss the minotaur.
The minotaur furiously retaliates!
The minotaur headbutts you, but does no damage.
The minotaur is lightly wounded.
The minotaur hits you with a +2 glaive of flaming!!
The minotaur burns you. You block the minotaur's attack.
You claw the minotaur!
The minotaur is moderately wounded.
The minotaur barely misses you. The minotaur gores you!
Unknown command.
You feel much better.
The minotaur hits you with a +2 glaive of flaming!
The minotaur burns you. The minotaur gores you!
You feel much better.
The minotaur hits you with a +2 glaive of flaming!!
The minotaur burns you! The minotaur gores you!
Unknown command.
Okay, then.
As you read the scroll of fear, it crumbles to dust.
You assume a fearsome visage.
The minotaur resists with almost no effort.
The minotaur hits you with a +2 glaive of flaming!!
* * * LOW HITPOINT WARNING * * *
The minotaur burns you!
* * * LOW HITPOINT WARNING * * *
You block the minotaur's attack.
Okay, then.
You feel much better.
The minotaur hits you with a +2 glaive of flaming!!
You die...

#.##..#..#####
#.##.)#..#≈8≈#
.©.#.©#..#...########
#.##..#..#.8........#
#.##..#..#...###.##.##
....#.#..#.8........8#
......#..#...#.#.....#
#######..#...#.#.#####
........≈#.©.#..@#
........∩#...###.H......
........≈#.©.# ..#8.8[8/
#######..#...#.#.#######
......#..#...#.#..
#.#.#.#..#.8......
.#.#.!#..#...###.#
#.#.#[#..#.8......
.©.#.©#..#...##


You could see a minotaur.

Vanquished Creatures
  4 hydras
  A catoblepas (Lair:2)
  6 two-headed ogres
  An ugly thing (D:8)
  9 elephants
  4 centaur zombies
  5 black mambas
  6 cane toads
  Maggie (D:6)
  An efreet (D:10)
  2 komodo dragons
  An ice devil (Gauntlet)
  Prince Ribbit (D:6)
  2 trolls
  3 meliai (Gauntlet)
  A hornet (D:9)
  Grinder (D:3)
  14 blink frogs
  A wraith (D:9)
  4 shadows (Gauntlet)
  39 yaks
  2 wyverns
  A steam dragon (D:6)
  5 basilisks
  Edmund (D:3)
  3 acid dragons
  11 water moccasins
  A sky beast (D:6)
  3 black bears
  6 orc warriors
  2 ice beasts (D:6)
  2 ogres
  8 centaurs
  9 wolves
  2 phantoms
  4 kobold brigands
  9 bullfrogs
  A scorpion (D:6)
  A gnoll sergeant (D:9)
  2 water moccasin skeletons (D:5)
  3 killer bees (D:9)
  4 wights (D:10)
  The ghost of gregwegmann the Cudgeller, a weakling GrMo (D:3)
  2 electric eels (Lair:1)
  4 howler monkeys
  5 hounds
  Crazy Yiuf (D:6)
  2 jellies
  5 orc priests
  Ijyb (D:3)
  5 iguanas
  11 orc wizards
  A scorpion zombie (D:5)
  2 howler monkey zombies
  2 adders
  4 gnolls (D:9)
  A shadow imp (D:7)
  4 white imps
  A worm (D:4)
  3 dart slugs
  44 orcs
  3 bats
  10 endoplasms
  4 giant cockroaches
  7 goblins
  3 hobgoblins
  6 jackals (D:2)
  31 kobolds
  4 quokkas
  6 ball pythons
  4 frilled lizards
  5 rats
369 creatures vanquished.

Vanquished Creatures (others)
  A killer bee zombie (D:8)
  An orc (D:8)
  A bush (Lair:3)
  15 demonic plants (Gauntlet)
  19 fungi
  9 plants
46 creatures vanquished.

Grand Total: 415 creatures vanquished

Notes
Turn   | Place    | Note
-------+----------+-------------------------------------------
     0 | D:1      | mathmaestro the Troll Monk began the quest for the Orb.
     0 | D:1      | Reached XP level 1. HP: 22/22 MP: 0/0
   132 | D:1      | Reached XP level 2. HP: 29/29 MP: 1/1
   282 | D:1      | Found a faded altar of an unknown god.
   574 | D:2      | Reached XP level 3. HP: 33/36 MP: 2/2
  1088 | D:3      | Noticed Grinder
  1107 | D:3      | Killed Grinder
  1108 | D:3      | Reached skill level 4 in Unarmed Combat
  1108 | D:3      | Reached XP level 4. HP: 17/48 MP: 3/3
  1108 | D:3      | Reached XP level 5. HP: 19/54 MP: 4/4
  1571 | D:3      | Found a runed translucent door.
  1573 | D:3      | Noticed gregwegmann's ghost (weakling GrMo)
  1600 | D:3      | Killed gregwegmann's ghost
  1601 | D:3      | Reached XP level 6. HP: 62/62 MP: 5/5
  1747 | D:3      | Noticed Ijyb
  1752 | D:3      | Killed Ijyb
  2287 | D:4      | Reached skill level 5 in Unarmed Combat
  2432 | D:4      | Found a bloodstained altar of Trog.
  2502 | D:4      | Noticed Edmund
  2509 | D:4      | Reached XP level 7. HP: 56/70 MP: 6/6
  2546 | D:3      | Killed Edmund
  2743 | D:5      | Entered Level 5 of the Dungeon
  2983 | D:5      | Reached skill level 5 in Fighting
  2983 | D:5      | Reached skill level 5 in Dodging
  2983 | D:5      | Reached skill level 6 in Unarmed Combat
  2983 | D:5      | Reached XP level 8. HP: 77/80 MP: 7/7
  3041 | D:5      | You fall into a shaft and drop 3 floors!
  3041 | D:8      | Noticed a cyan ugly thing
  3057 | D:7      | Found a staircase to the Ecumenical Temple.
  3351 | D:5      | Found a white marble altar of Elyvilon.
  3689 | D:6      | Noticed Prince Ribbit
  3692 | D:6      | Noticed Maggie
  3704 | D:6      | Killed Prince Ribbit
  3705 | D:6      | Reached skill level 7 in Unarmed Combat
  3708 | D:6      | Killed Maggie
  3709 | D:6      | Reached XP level 9. HP: 65/89 MP: 8/8
  4194 | D:6      | Reached skill level 8 in Unarmed Combat
  4303 | D:6      | Found a runed translucent door.
  4304 | D:6      | Noticed Crazy Yiuf
  4308 | D:6      | Killed Crazy Yiuf
  4486 | D:7      | You fall into a shaft and drop 1 floor!
  4507 | D:8      | Found a burning altar of Makhleb.
  4570 | Temple   | Entered the Ecumenical Temple
  5267 | D:8      | Reached XP level 10. HP: 102/102 MP: 9/9
  5282 | D:8      | Reached skill level 9 in Unarmed Combat
  5348 | D:8      | Found a shadowy altar of Dithmenos.
  5350 | D:8      | Found a shimmering blue altar of Sif Muna.
  5352 | D:8      | Found a shimmering altar of Xom.
  5352 | D:8      | Found a snail-covered altar of Cheibriados.
  5352 | D:8      | Found a sparkling altar of Nemelex Xobeh.
  5358 | D:8      | Found a sacrificial altar of Ru.
  5390 | D:8      | Killed a cyan ugly thing
  5402 | D:8      | Identified the +7 hand crossbow of the Fox {flame, rElec
                  | rC+ Dex+3}
  5404 | D:8      | Found a staircase to the Lair.
  5837 | D:8      | Identified a scroll of acquirement
  5837 | D:8      | Acquired the +0 mask of the Dragon {Will+ Slay+3 SInv}
  5837 | D:8      | Found the +0 mask of the Dragon {Will+ Slay+3 SInv}
  6096 | D:9      | Found a staircase to the Orcish Mines.
  6097 | D:9      | Noticed a two-headed ogre
  6111 | D:9      | Killed a two-headed ogre
  6265 | D:9      | Noticed a two-headed ogre
  6278 | D:9      | Killed a two-headed ogre
  6284 | D:9      | Reached skill level 10 in Unarmed Combat
  6486 | D:9      | Reached XP level 11. HP: 109/113 MP: 10/10
  6781 | D:10     | Entered Level 10 of the Dungeon
  6850 | D:10     | Reached skill level 1 in Shields
  6892 | D:10     | Noticed a two-headed ogre
  6898 | D:10     | Killed a two-headed ogre
  6899 | D:10     | Reached skill level 1 in Throwing
  6899 | D:10     | Reached skill level 1 in Armour
  6911 | D:10     | Reached skill level 1 in Evocations
  6937 | D:10     | Identified the +5 hand axe "Seyrgh" {antimagic, rElec Will-
                  | Str+3 SInv}
  7032 | D:10     | Found Ihauckoun's Lightly-Used Armoury.
  7433 | D:11     | Noticed a two-headed ogre
  7437 | D:11     | Killed a two-headed ogre
  7570 | D:11     | Noticed a two-headed ogre
  7587 | D:11     | Killed a two-headed ogre
  7651 | D:11     | Found a portal to a secret trove of treasure.
  7687 | D:11     | Found Hamus's Antique Armour Shoppe.
  7755 | D:11     | Noticed a two-headed ogre
  7798 | D:11     | Killed a two-headed ogre
  7932 | D:11     | Noticed an eight-headed hydra
  8040 | Lair:1   | Entered Level 1 of the Lair of Beasts
  8052 | Lair:1   | Upgraded the game from 0.28-a0-447-g1f95980246 to
                  | 0.28-a0-461-g2dc4ca5097
  8376 | Lair:1   | Noticed a four-headed hydra
  8388 | Lair:1   | Killed a one-headed hydra
  8389 | Lair:1   | Reached XP level 12. HP: 30/123 MP: 11/11
  8560 | Lair:1   | Reached skill level 11 in Unarmed Combat
  8876 | Lair:1   | Reached skill level 5 in Shields
  9138 | Lair:2   | Noticed a catoblepas
  9152 | Lair:2   | Killed a catoblepas
  9411 | Lair:2   | Noticed a seven-headed hydra
  9423 | Lair:2   | Killed a two-headed hydra
  9662 | Lair:2   | Reached XP level 13. HP: 110/132 MP: 12/12
  9872 | Lair:2   | Found a staircase to the Snake Pit.
 10455 | Lair:3   | Found a gate leading to a gauntlet.
 10466 | Gauntlet | Entered a Gauntlet
 10466 | Gauntlet | Found a transporter.
 10466 | Gauntlet | Found a transporter.
 10467 | Gauntlet | Found a transporter.
 10470 | Gauntlet | Found a transporter.
 10470 | Gauntlet | Found a transporter.
 10470 | Gauntlet | Found a transporter.
 10485 | Gauntlet | Found a transporter.
 10489 | Gauntlet | Found a transporter.
 10501 | Gauntlet | Found a transporter.
 10502 | Gauntlet | Found a transporter.
 10502 | Gauntlet | Found a transporter.
 10515 | Gauntlet | Noticed a minotaur
 10602 | Gauntlet | Found a transporter.
 10771 | Gauntlet | Reached skill level 5 in Throwing
 10826 | Gauntlet | Slain by a minotaur

Illustrated notes

Levels and vault maps discovered:
D:1:      dpeg_arrival_rhombus, layout_rooms,
          shapermc_ecumenical_altar_starsandcircs, kennysheep_decorative_pillar,
          st_stairs_14, minmay_pentomino_z4
D:2:      layout_basic
D:3:      layout_loops_corners, gammafunk_ghost_grave, minmay_liquid_box,
          uniq_ijyb, uniq_grinder
D:4:      layout_rooms, trog_butcher_becter, uniq_edmund
D:5:      layout_loops_ring, nicolae_elyvilon_temple_path, minmay_diced_spiral
D:6:      layout_loops_corners, uniq_crazy_yiuf_cottage, uniq_prince_ribbit1,
          uniq_maggie
D:7:      layout_rooms, minmay_temple_entry_statues_fountains
D:8:      layout_cave_pools, minitemple, dpeg_oklobed_lair, special_room
          [special_room_orc], lemuel_flamethrower_2
D:9:      layout_roguey, orc_0_dummy
D:10:     layout_basic, serial_glass, glass_columns_a, glass_columns_a,
          minmay_shop_damaged
D:11:     layout_basic, serial_shops, nicolae_shop_behind_doors, enter_trove_3,
          uniq_psyche
Temple:   nicolae_temple_figure_eight
Lair:1:   layout_cave_pods, columned_hall_lemuel, infiniplex_staircase_pool_2,
          serial_bayou_shore_a, serial_bayou_shore_b
Lair:2:   layout_roguey, minmay_snake_entry_six_corridors,
          nicolae_volcano_entry_hallway, lemuel_old_faithful, grunt_megastairs_2
Lair:3:   layout_regular_city, gauntlet_entry_generic, minivault_25,
          chequers_serial_rivers_room_b, grunt_megastairs_4
Gauntlet: gammafunk_gauntlet_hard_choice [gammafunk_gauntlet_arena_hedges,
          gammafunk_gauntlet_arena_chambers, nicolae_gauntlet_arena_t_cross,
          nicolae_gauntlet_swirl, nicolae_gauntlet_arena_blocks,
          gammafunk_gauntlet_arena_grid, nicolae_gauntlet_exit_dead_adventurers]

Skill      XL: |  1  2  3  4  5  6  7  8  9 10 11 12 13 |
---------------+----------------------------------------+-----
Fighting       | 3 4 5 6 7 8 9 |  9.8
Dodging        | 3 4 5 6 7 8 9 |  9.9
Unarmed Combat | 4 5 6 7 8 10 11 | 11.6
Shields        | 4 6 |  6.9
Throwing       | 3 4 5 |  5.0
Armour         | 2 4 |  4.5
Evocations     | 2 3 4 |  4.2
Stealth        | |  1.0

Action                   |  1- 3 |  4- 6 |  7- 9 | 10-12 | 13-15 || total
-------------------------+-------+-------+-------+-------+-------++-------
Melee: Unarmed           |   105 |   102 |   257 |   556 |   136 ||  1156
       Punch             |     2 |     5 |    11 |    16 |       ||    34
       Scimitar          |       |       |       |    10 |     7 ||    17
Throw: Javelin           |       |       |       |     3 |     3 ||     6
Evoke: Wand              |       |       |       |     3 |       ||     3
  Use: Scroll            |     2 |       |     6 |    18 |     1 ||    27
       Potion            |       |       |       |     1 |     3 ||     4
 Stab: Sleeping          |     3 |     3 |       |     1 |       ||     7
       Distracted        |       |       |     1 |       |       ||     1
       Petrified         |       |       |       |     5 |       ||     5
Armor: Robe              |    38 |    44 |    40 |       |       ||   122
       Steam dragon scal |       |       |    58 |   132 |       ||   190
       Troll leather arm |       |       |       |    79 |    62 ||   141
Dodge: Dodged            |    71 |    71 |   160 |   380 |    76 ||   758
Block: Kite shield       |       |       |       |   124 |    78 ||   202

Table legend: (Time is in decaauts)
 A = Elapsed time spent in this place.
 B = Non-inter-level travel time spent in this place.
 C = Inter-level travel time spent in this place.
 D = Time resting spent in this place.
 E = Time spent auto-exploring this place.
 F = Levels seen in this place.
 G = Mean time per level.
                   A        B        C        D        E       F      G
               +--------+--------+--------+--------+--------+-----+--------+
         Total |  10720 |  10303 |    417 |    331 |   6769 |  16 |  670.0 |
       Dungeon |   7739 |   7357 |    382 |    307 |   5123 |  11 |  703.5 |
        Temple |    213 |    202 |     11 |      0 |    202 |   1 |  213.0 |
          Lair |   2413 |   2390 |     23 |     24 |   1412 |   3 |  804.3 |
      Gauntlet |    353 |    353 |      0 |      0 |     32 |   1 |  353.0 |
               +--------+--------+--------+--------+--------+-----+--------+

Top non-repeatable levels by time:
     D:3: 1154 daAuts
  Lair:1: 1062 daAuts
  Lair:2: 978 daAuts
     D:6: 883 daAuts
     D:8: 869 daAuts
     D:5: 797 daAuts
     D:9: 749 daAuts
     D:2: 631 daAuts
    D:10: 619 daAuts
    D:11: 575 daAuts
     D:4: 526 daAuts
     D:7: 518 daAuts
     D:1: 413 daAuts
  Lair:3: 372 daAuts
Gauntlet: 353 daAuts
